 Dungeon Crawl Stone Soup version 0.29-a0-340-g6efceafd81 (webtiles) character file.

Game seed: 10886738009345880002

2720 brightshaft the Slinger (level 9, -3/68 HPs)
             Began as a Minotaur Hunter on Apr 19, 2022.
             Was an Initiate of Hepliaklqana.
             Killed by the air
             ... invoked by Gastronok
              (15 damage)
             ... on level 8 of the Dungeon.
             The game lasted 00:14:31 (8284 turns).

brightshaft the Slinger (Minotaur Hunter)           Turns: 8284, Time: 00:14:32

Health: -3/68      AC:  9    Str: 16    XL:     9   Next: 39%
Magic:  8/8        EV: 12    Int:  6    God:    Hepliaklqana [......]
Gold:   392        SH:  0    Dex: 18    Spells: 8/8 levels left

rFire   . . .      SeeInvis .   a - +6 hunting sling
rCold   . . .      Faith    .   (no shield)
rNeg    . . .      Spirit   .   G - +0 acid dragon scales
rPois   .          Reflect  .   (helmet restricted)
rElec   .          Harm     .   (no cloak)
rCorr   +          Rampage  .   B - +0 pair of gloves
Will    .....                   m - +1 pair of boots
Stlth   ++........              (no amulet)
HPRegen 0.21/turn               l - ring of resist corrosion
MPRegen 0.11/turn               (no ring)

@: no status effects
A: horns 2, retaliatory headbutt
a: Renounce Religion


You were on level 8 of the Dungeon.
You worshipped Hepliaklqana.
Hepliaklqana was noncommittal.
You visited 2 branches of the dungeon, and saw 9 of its levels.
You also visited: Sewer.

You collected 392 gold pieces.

Inventory:

Hand Weapons
 a - a +6 hunting sling (weapon)
Missiles
 y - 6 javelins (quivered)
Armour
 m - a +1 pair of boots (worn)
 s - a +0 ring mail
 B - a +0 pair of gloves (worn)
 G - +0 acid dragon scales (worn)
Jewellery
 g - a ring of fire
 k - a +4 ring of protection
 l - a ring of resist corrosion (left hand)
 z - an amulet of faith
Wands
 b - a wand of digging (2)
 w - a wand of flame (18) {@v2}
Scrolls
 c - a scroll of immolation
 o - a scroll of blinking
 A - 3 scrolls of teleportation {@r4}
 E - a scroll of noise {unknown}
Potions
 d - 2 potions of cancellation
 e - a potion of haste {@q3}
 f - 2 potions of mutation {unknown}
 h - 2 potions of curing {@q1}
 i - a potion of degeneration {unknown}
 j - 3 potions of attraction {unknown}
 n - 2 potions of invisibility {unknown}
 p - 2 potions of flight {unknown}
 q - a potion of magic {unknown}
 r - a potion of experience {unknown}
 t - 5 potions of brilliance
 u - a potion of might {unknown}
 v - 3 potions of heal wounds {unknown}
 C - 2 potions of resistance {unknown}
 D - a potion of lignification {unknown}
 F - 3 potions of ambrosia {unknown}


   Skills:
 - Level 2.7 Fighting
 * Level 14.4 Slings
 - Level 2.4 Dodging
 - Level 1.1 Stealth


You had 8 spell levels left.
You didn't know any spells.
Your spell library contained the following spells:

 Spells                   Type           Power      Damage    Failure   Level
 Magic Dart               Conj           0%         1d3       56%         1
 Searing Ray              Conj           0%         2d4       71%         2
 Summon Guardian Golem    Hex/Summ       0%         N/A       90%         3
 Fulminant Prism          Conj/Hex       0%         3d6       100%        4
 Orb of Destruction       Conj           0%         9d5       100%        7
 Spellforged Servitor     Conj/Summ      0%         N/A       100%        7


Dungeon Overview and Level Annotations

Branches:
Dungeon (8/15)             Temple (1/1) D:6           Sewer (visited)
   Lair: D:8-11

Altars:
Ashenzari
Cheibriados
Dithmenos
Gozag
Hepliaklqana
Nemelex Xobeh
Okawaru
Qazlal
Ru
Trog
Uskayaw
Xom
Yredelemnul
Zin

Shops:
D:6 :

Annotations:
D:6 2 transporters, HuGe's ghost, novice MiBe
D:8 Gastronok


Innate Abilities, Weirdness & Mutations

You have a pair of horns on your head.
You reflexively headbutt those who attack you in melee.


Message History

Press: ? - help, Shift-Dir - straight line, f/p - Gastronok
Aim: Gastronok, wearing a +1 hat of see invisible (heavily wounded, covering ground quickly, 95% to hit)
You shoot a sling bullet. The sling bullet hits Gastronok!
Gastronok is heavily wounded.
Fire: a) +6 hunting sling
Press: ? - help, Shift-Dir - straight line, f/p - Gastronok
Aim: Gastronok, wearing a +1 hat of see invisible (heavily wounded, covering ground quickly, 95% to hit)
You shoot a sling bullet. The sling bullet hits Gastronok.
Gastronok is heavily wounded.
Gastronok bites you!
Fire: a) +6 hunting sling
Press: ? - help, Shift-Dir - straight line, f/p - Gastronok
Aim: Gastronok, wearing a +1 hat of see invisible (heavily wounded, covering ground quickly, 95% to hit)
You shoot a sling bullet. The sling bullet hits Gastronok.
Gastronok is heavily wounded.
A bullfrog comes into view.
Fire: a) +6 hunting sling
Press: ? - help, Shift-Dir - straight line, f/p - Gastronok
Aim: Gastronok, wearing a +1 hat of see invisible (heavily wounded, covering ground quickly, 95% to hit)
You shoot a sling bullet. The bullfrog croaks.
The sling bullet hits Gastronok!
Gastronok is heavily wounded.
Gastronok bites you!!
* * * LOW HITPOINT WARNING * * *
You feel better.
Throw: throwing net
Press: ? - help, Q - select action, (/) - cycle Shift-Dir - straight line, f/p - Gastronok
Aim: Gastronok, wearing a +1 hat of see invisible (heavily wounded, covering ground quickly, 94% to hit, immune to nets)
You throw a throwing net. The throwing net hits Gastronok.
Gastronok is too large for the net to hold!
Gastronok is heavily wounded.
Fire: a) +6 hunting sling
Press: ? - help, Shift-Dir - straight line, f/p - Gastronok
Aim: Gastronok, wearing a +1 hat of see invisible (heavily wounded, covering ground quickly, 95% to hit)
You shoot a sling bullet. The sling bullet hits Gastronok!
Gastronok is severely wounded.
Gastronok waves his eye-stalks in wide circles.
The air twists around and strikes you!
You die...

###
#.#####.####
#.....^.@..#
...####w##.#
...#.F.##.#
.....####.#
...........#
......###<.#
....# #..#
.... #..#
... #..#


You could see Gastronok (swift) and a bullfrog.

Vanquished Creatures
  Pikel (D:8)
  2 yaks
  An acid dragon (D:8)
  2 sky beasts
  A black bear (D:6)
  3 ice beasts
  Pargi (Sewer)
  A lemure (D:8)
  A kobold brigand (D:6)
  7 scorpions
  A howler monkey (D:6)
  A gnoll shaman (D:7)
  2 hounds (D:6)
  3 jellies
  2 orc priests
  5 iguanas
  An orc wizard (D:7)
  A hound zombie (D:3)
  9 gnolls
  4 adders
  7 shadow imps
  5 white imps
  2 ufetubi
  6 worms
  2 dart slugs
  7 orcs
  5 bats
  7 endoplasms
  2 giant cockroaches
  12 goblins
  8 hobgoblins
  11 jackals
  5 quokkas
  10 ball pythons
  A ball python zombie (D:3)
  8 frilled lizards
  12 kobolds
  A quokka zombie (D:3)
  4 rats
164 creatures vanquished.

Notes
Turn   | Place    | Note
-------+----------+-------------------------------------------
     0 | D:1      | brightshaft the Minotaur Hunter began the quest for the
                  | Orb.
     0 | D:1      | Reached XP level 1. HP: 18/18 MP: 0/0
    40 | D:1      | Reached skill level 1 in Stealth
   145 | D:1      | Reached XP level 2. HP: 25/25 MP: 1/1
   377 | D:1      | Reached skill level 5 in Slings
   505 | D:1      | Reached XP level 3. HP: 30/30 MP: 2/2
   511 | D:1      | Found a faded altar of an unknown god.
  1577 | D:2      | Reached XP level 4. HP: 37/37 MP: 3/3
  1710 | D:2      | Reached skill level 6 in Slings
  2114 | D:3      | Found a basalt altar of Yredelemnul.
  2187 | D:3      | Found a glowing silver altar of Zin.
  2223 | D:3      | Reached XP level 5. HP: 42/42 MP: 4/4
  2579 | D:3      | Found a transporter.
  2633 | D:3      | Found a transporter.
  2686 | D:3      | Reached skill level 7 in Slings
  3149 | D:4      | Found a glowing drain.
  3160 | D:4      | Reached XP level 6. HP: 49/50 MP: 5/5
  3184 | Sewer    | Entered a sewer
  3291 | Sewer    | Noticed Pargi
  3295 | Sewer    | Killed Pargi
  3296 | Sewer    | Reached skill level 8 in Slings
  3978 | D:5      | Entered Level 5 of the Dungeon
  4418 | D:5      | Reached skill level 9 in Slings
  4418 | D:5      | Reached XP level 7. HP: 42/56 MP: 6/6
  5202 | D:6      | Found Aclyve's Book Shoppe.
  5212 | D:6      | Reached skill level 10 in Slings
  5289 | D:6      | Found a bloodstained altar of Trog.
  5290 | D:6      | Found a sacrificial altar of Ru.
  5406 | D:6      | Found a broken altar of Ashenzari.
  5596 | D:6      | Reached XP level 8. HP: 29/62 MP: 7/7
  5782 | D:6      | Reached skill level 11 in Slings
  6146 | D:6      | Found a transporter.
  6153 | D:6      | Found a transporter.
  6153 | D:6      | Identified the +3 giant spiked club of the Iron City of Dis
                  | {spect, rF+ rCorr}
  6156 | D:6      | Noticed HuGe's ghost (novice MiBe)
  6245 | D:6      | Found a staircase to the Ecumenical Temple.
  6386 | D:7      | Reached skill level 12 in Slings
  7086 | D:7      | Reached skill level 13 in Slings
  7473 | D:8      | Reached XP level 9. HP: 53/68 MP: 8/8
  8031 | Temple   | Entered the Ecumenical Temple
  8176 | Temple   | Became a worshipper of Hepliaklqana the Forgotten
  8236 | D:8      | Noticed Pikel
  8247 | D:8      | Noticed Gastronok
  8248 | D:8      | Killed Pikel
  8249 | D:8      | Reached skill level 14 in Slings
  8284 | D:8      | Killed from afar by Gastronok

Illustrated notes

Levels and vault maps discovered:
D:1:      mainiacjoe_arrival_reflecting_pool, layout_loops_ring,
          basic_ecumenical_altar
D:2:      layout_basic
D:3:      gammafunk_wand_slinger, layout_basic,
          mainiacjoe_overflow_tiny_flanked, nicolae_yredelemnul_corpse_copse,
          chequers_serial_rivers_large_b, nicolae_underground_beach
D:4:      layout_cave_pods, portal_sewer_entry_a
D:5:      layout_loops_corners, grunt_ministairs_5
D:6:      layout_loops_corners, nicolae_ashenzari_skybound,
          chequers_temple_overflow_statue_of_worship,
          minmay_temple_entry_from_below_a, gammafunk_ghost_smash,
          minmay_shop_grid_forest, kennysheep_big_empty_room
D:7:      layout_loops_ring
D:8:      layout_loops_ring, lightli_temple_of_fire, patterned_corridor,
          uniq_gastronok, uniq_maggie, uniq_pikel, uniq_psyche
Temple:   nicolae_temple_figure_zero

Skill      XL: |  1  2  3  4  5  6  7  8  9 |
---------------+----------------------------+-----
Stealth        | 1 |  1.1
Slings         | 5 6 7 9 10 13 14 | 14.4
Fighting       | |  2.7
Dodging        | |  2.4

Action                   |  1- 3 |  4- 6 |  7- 9 || total
-------------------------+-------+-------+-------++-------
 Fire: Hunting sling     |   113 |   158 |   267 ||   538
Throw: Throwing net      |       |       |     2 ||     2
Evoke: Wand              |       |     1 |       ||     1
  Use: Scroll            |       |     8 |     3 ||    11
       Potion            |       |       |     1 ||     1
Armor: Leather armour    |    15 |    20 |    18 ||    53
       Acid dragon scale |       |       |    14 ||    14
Dodge: Dodged            |    26 |    27 |    49 ||   102

Table legend: (Time is in decaauts)
 A = Elapsed time spent in this place.
 B = Non-inter-level travel time spent in this place.
 C = Inter-level travel time spent in this place.
 D = Time resting spent in this place.
 E = Time spent auto-exploring this place.
 F = Levels seen in this place.
 G = Mean time per level.
                   A        B        C        D        E       F      G
               +--------+--------+--------+--------+--------+-----+--------+
         Total |   8393 |   7961 |    432 |      0 |   6793 |  10 |  839.3 |
       Dungeon |   7998 |   7577 |    421 |      0 |   6489 |   8 |  999.8 |
        Temple |    157 |    146 |     11 |      0 |    119 |   1 |  157.0 |
         Sewer |    236 |    236 |      0 |      0 |    185 |   1 |  236.0 |
               +--------+--------+--------+--------+--------+-----+--------+

Top non-repeatable levels by time:
     D:7: 1405 daAuts
     D:6: 1289 daAuts
     D:5: 1167 daAuts
     D:1: 1165 daAuts
     D:2: 973 daAuts
     D:3: 946 daAuts
     D:4: 776 daAuts
     D:8: 274 daAuts
   Sewer: 236 daAuts
  Temple: 157 daAuts
